 Dungeon Crawl Stone Soup version 0.30-a0-586-g23e55c9e0a (webtiles) character file.

Game seed: 4931150507103964128

548 Twinkles the Chopper (level 7, -7/62 HPs)
             Began as a Hill Orc Fighter on Jan 3, 2023.
             Was a Follower of Dithmenos.
             Mangled by a yak (8 damage)
             ... on level 4 of the Dungeon.
             The game lasted 00:06:23 (2135 turns).

Twinkles the Chopper (Hill Orc Fighter)             Turns: 2135, Time: 00:06:24

Health: -7/62      AC: 10    Str: 27    XL:     7   Next: 28%
Magic:  7/7        EV: 10    Int:  8    God:    Dithmenos [*.....]
Gold:   342        SH:  4    Dex: 10    Spells: 6/6 levels left

rFire   + . .      SeeInvis .    a - +0 war axe
rCold   + + .      Faith    .    c - +0 buckler
rNeg    . . .      Spirit   .    i - +4 ring mail of the Hunter {Drain rElec rC++ rCorr}
rPois   .          Reflect  .    (no helmet)
rElec   +          Harm     .    (no cloak)
rCorr   +          Rampage  .    (no gloves)
Will    .....                    (no boots) Stlth
                                 (no amulet)
HPRegen 0.30/turn                l - +6 ring of strength
MPRegen 0.10/turn                n - ring of protection from fire

@: wreathed by umbra
A: no striking features
a: Renounce Religion


You were on level 4 of the Dungeon.
You worshipped Dithmenos.
Dithmenos was aware of your devotion.
You visited 1 branch of the dungeon, and saw 4 of its levels.

You collected 342 gold pieces.

Inventory:

Hand Weapons
 a - a +0 war axe (weapon)
Missiles
 e - 7 poisoned darts (quivered)
Armour
 b - a +0 scale mail
 c - a +0 buckler (worn)
 i - the +4 ring mail of the Hunter (worn) {Drain rElec rC++ rCorr}
   (You found it on level 2 of the Dungeon)

   rC:        It greatly protects you from cold.
   rElec:     It insulates you from electricity.
   rCorr:     It protects you from acid and corrosion.
   Drain:     It drains your maximum health when unequipped.
Jewellery
 l - a +6 ring of strength (left hand)
 n - a ring of protection from fire (right hand)
 r - a ring of magical power
Scrolls
 f - a scroll of blinking {unknown}
 g - 2 scrolls of identify {unknown}
 k - a scroll of magic mapping {unknown}
 o - a scroll of immolation {unknown}
 p - a scroll of enchant weapon {unknown}
 q - a scroll of noise {unknown}
Potions
 d - a potion of lignification {unknown}
 h - a potion of mutation {unknown}
 j - a potion of curing {unknown}
 m - a potion of heal wounds {unknown}
 s - a potion of attraction {unknown}
 t - a potion of haste {unknown}
 u - a potion of flight {unknown}
 M - a potion of might


   Skills:
 + Level 5.7 Fighting
 * Level 7.1 Axes
 + Level 5.3 Armour
 - Level 3.6 Shields


You had 6 spell levels left.
You didn't know any spells.
Your spell library was empty.

Dungeon Overview and Level Annotations

Branches:
Dungeon (4/15) Zot: 21799
 Temple: D:4-7

Altars:
Dithmenos
Hepliaklqana
Vehumet
The Shining One


Message History

The yak gores you.
You slash the yak!
The yak is almost dead.
The yak gores you. The yak barely misses you.
You hit the yak.
You kill the yak!
Dithmenos accepts your kill.
Your Axes skill increases to level 6!
Your Armour skill increases to level 5!
You slash the yak!
The yak is moderately wounded.
The yak gores you!
You barely miss the yak.
The yak is moderately wounded.
The yak gores you.
You slash the yak!
The yak is heavily wounded.
The yak gores you.
* * * LOW HITPOINT WARNING * * *
The yak gores you.
* * * LOW HITPOINT WARNING * * *
You slash the yak!
The yak is almost dead.
The yak gores you but does no damage.
You slash the yak!
You kill the yak!
Dithmenos accepts your kill.
Your Axes skill increases to level 7!
You have reached level 7!
You slash the yak!
The yak is moderately wounded.
The yak gores you.
* * * LOW HITPOINT WARNING * * *
You slash the yak!
The yak is heavily wounded.
The yak gores you but does no damage. The yak gores you.
* * * LOW HITPOINT WARNING * * *
You hit the yak.
The yak is severely wounded.
The yak gores you!
You die...

### #.. . #.# # ..
.# #.#.#.# #
##.#... .# #.... .
.#. #..######....
#.# #....@YYYg# #.#
#.######### #.#
###.### #.# #.....#
##.# #.....# .#.#
#.###.#
...#######.# ..#
...........# ....
..[#######......###


You could see 3 yaks and a hobgoblin.

Vanquished Creatures
  3 yaks (D:4)
  A hound (D:4)
  A gnoll (D:1)
  2 adders
  2 dart slugs
  An orc (D:3)
  2 ball pythons (D:3)
  2 endoplasms (D:1)
  6 giant cockroaches
  4 goblins
  4 hobgoblins
  3 jackals (D:2)
  A kobold (D:3)
  3 quokkas
  7 bats
  A frilled lizard (D:2)
  5 rats
48 creatures vanquished.

Vanquished Creatures (others)
  2 fungi (D:1)
  5 toadstools (D:1)
7 creatures vanquished.

Grand Total: 55 creatures vanquished

Notes
Turn   | Place    | Note
-------+----------+-------------------------------------------
     0 | D:1      | Twinkles the Hill Orc Fighter began the quest for the Orb.
     0 | D:1      | Reached XP level 1. HP: 19/19 MP: 1/1
   202 | D:1      | Reached skill level 3 in Axes
   202 | D:1      | Reached XP level 2. HP: 27/27 MP: 2/2
   744 | D:2      | Reached XP level 3. HP: 33/33 MP: 3/3
   774 | D:2      | Identified the +4 ring mail of the Hunter {Drain rElec rC++
                  | rCorr}
  1284 | D:3      | Found a faded altar of an unknown god.
  1376 | D:3      | Prayed at the altar of an unknown god.
  1376 | D:3      | Became a worshipper of Dithmenos the Shadowed
  1376 | D:3      | Reached * piety under Dithmenos
  1455 | D:3      | Found a radiant altar of Vehumet.
  1455 | D:3      | Found a hazy altar of Hepliaklqana.
  1487 | D:3      | Reached XP level 4. HP: 36/40 MP: 4/4
  1666 | D:3      | Reached skill level 4 in Axes
  1780 | D:3      | Found a glowing golden altar of the Shining One.
  2107 | D:4      | Noticed a yak
  2109 | D:4      | Noticed a yak
  2109 | D:4      | Noticed a yak
  2110 | D:4      | Noticed a yak
  2110 | D:4      | Noticed a yak
  2112 | D:4      | Noticed a yak
  2124 | D:4      | Killed a yak
  2125 | D:4      | Reached skill level 5 in Fighting
  2125 | D:4      | Reached skill level 5 in Axes
  2125 | D:4      | Reached XP level 5. HP: 32/48 MP: 5/5
  2125 | D:4      | Reached XP level 6. HP: 38/56 MP: 6/6
  2127 | D:4      | Killed a yak
  2128 | D:4      | Reached skill level 6 in Axes
  2128 | D:4      | Reached skill level 5 in Armour
  2130 | D:4      | HP: 15/56 [yak (2)]
  2132 | D:4      | Killed a yak
  2133 | D:4      | Reached skill level 7 in Axes
  2133 | D:4      | Reached XP level 7. HP: 11/62 MP: 7/7
  2133 | D:4      | HP: 5/62 [yak (6)]
  2134 | D:4      | HP: 1/62 [yak (5)]
  2135 | D:4      | Mangled by a yak

Illustrated notes

Levels and vault maps discovered:
D:1:      minmay_arrival_wavy_path, layout_rooms, minmay_gold_behind_fungi,
          kennysheep_boxes
D:2:      layout_rooms, hex_tiny
D:3:      layout_basic, mainiacjoe_overflow_surrounded_room,
          jmf_multi_god_temple, serial_glass, glass_columns_c, glass_columns_a,
          dreamdust_ecumenical_altar_angels_and_demons
D:4:      layout_loops_corners, nicolae_overflow_crystal_walls,
          marbit_many_paths, amethyst_killhole

Skill      XL: |  1  2  3  4  5  6 |
---------------+-------------------+-----
Axes           | 3 5 7 |  7.1
Fighting       | 4 5 |  5.7
Armour         | 4 5 |  5.3
Shields        | |  3.6

Action                   |  1- 3 |  4- 6 |  7- 9 || total
-------------------------+-------+-------+-------++-------
Melee: War axe           |    70 |    56 |     3 ||   129
Armor: Scale mail        |    18 |       |       ||    18
       Ring mail         |    21 |    17 |     1 ||    39
Dodge: Dodged            |    46 |    32 |       ||    78
Block: Buckler           |    11 |     8 |       ||    19

Table legend: (Time is in decaauts)
 A = Elapsed time spent in this place.
 B = Non-inter-level travel time spent in this place.
 C = Inter-level travel time spent in this place.
 D = Time resting spent in this place.
 E = Time spent auto-exploring this place.
 F = Levels seen in this place.
 G = Mean time per level.
                   A        B        C        D        E       F      G
               +--------+--------+--------+--------+--------+-----+--------+
         Total |   2199 |   2091 |    108 |      0 |   1722 |   4 |  549.8 |
       Dungeon |   2199 |   2091 |    108 |      0 |   1722 |   4 |  549.8 |
               +--------+--------+--------+--------+--------+-----+--------+

Top non-repeatable levels by time:
     D:3: 845 daAuts
     D:1: 785 daAuts
     D:2: 445 daAuts
     D:4: 122 daAuts
